 Dungeon Crawl Stone Soup version 0.23-a0-32-g1388f29 (webtiles) character file.

13419 inmateoo the Basher (level 12, -7/95 HPs)
             Began as a Human Fighter on Aug 4, 2018.
             Was an Elder of Trog.
             Mangled by an enormous slime creature (57 damage)
             ... on level 12 of the Dungeon.
             The game lasted 00:15:36 (10472 turns).

inmateoo the Basher (Human Fighter)                Turns: 10472, Time: 00:15:37

Health: -7/95      AC: 19    Str: 21    XL:     12   Next: 32%
Magic:  12/12      EV:  7    Int: 13    God:    Trog [****..]
Gold:   412        SH: 14    Dex: 12    Spells: 11/11 levels left

rFire    . . .     SeeInvis .   B - -1 eveningstar (venom)
rCold    + . .     Gourm    .   c - +0 shield
rNeg     . . .     Faith    .   t - +1 chain mail {rC+}
rPois    .         Spirit   .   I - +1 hat {Int+3}
rElec    .         Reflect  +   o - +0 cloak
rCorr    .         Harm     .   i - +0 pair of gloves
MR       .....                  y - +1 pair of boots
Stlth    ..........             v - +3 amulet of reflection
HPRegen  0.25/turn              m - ring of flight
MPRegen  0.13/turn              H - +1 ring of protection

@: no status effects
A: no striking features
a: Berserk, Trog's Hand, Brothers in Arms, Renounce Religion, Evoke Flight


You were on level 12 of the Dungeon.
You worshipped Trog.
Trog was greatly pleased with you.
You were not hungry.

You visited 2 branches of the dungeon, and saw 13 of its levels.

You collected 626 gold pieces.
You spent 214 gold pieces at shops.

Inventory:

Hand Weapons
 d - a +3 mace of protection
 A - a +2 flail of freezing
 B - a -1 eveningstar of venom (weapon)
Missiles
 r - 10 javelins (quivered)
Armour
 c - a +0 shield (worn)
 i - a +0 pair of gloves (worn)
 o - a +0 cloak (worn)
 t - a +1 chain mail of cold resistance (worn)
 y - a +1 pair of boots (worn)
 I - a +1 hat of intelligence (worn)
Jewellery
 m - a ring of flight (left hand)
 v - a +3 amulet of reflection (around neck)
 H - a +1 ring of protection (right hand)
Wands
 s - a wand of iceblast (8)
 E - a wand of clouds (5)
 F - a wand of disintegration (7)
 J - a wand of paralysis (15)
Scrolls
 a - 6 scrolls of blinking
 h - 6 scrolls of remove curse
 k - 8 scrolls of teleportation
 l - 3 scrolls of fear
 w - 2 scrolls of identify
 z - a scroll of fog
 D - a scroll of enchant armour
 G - a scroll of magic mapping
Potions
 b - 4 potions of curing
 e - a potion of ambrosia
 g - a potion of haste
 j - 2 potions of flight
 n - 2 potions of heal wounds
 p - a potion of invisibility
 q - 2 potions of brilliance
 u - a potion of cancellation
 x - a potion of agility
 C - a potion of magic
 K - a potion of might
Comestibles
 f - 14 rations
 L - 8 chunks of flesh


   Skills:
 + Level 9.1 Fighting
 * Level 12.1 Maces & Flails
 + Level 9.2 Armour
 + Level 9.1 Shields


You had 11 spell levels left.
You didn't know any spells.
Your spell library was empty.

Dungeon Overview and Level Annotations

Branches:
Dungeon (12/15)            Temple (1/1) D:5            Lair (0/6) D:11
    Orc: D:9-12

Altars:
Ashenzari
Cheibriados
Dithmenos
Elyvilon
Fedhas
Gozag
Hepliaklqana
Kikubaaqudgha
Makhleb
Nemelex Xobeh
Okawaru
Qazlal
Ru
Sif Muna
Trog
Uskayaw
Vehumet
Wu Jian
Xom
Yredelemnul
Zin
The Shining One

Shops:
D:5 (?:!:   D:10 %   D:11 :

Portals:
Trove: D:10 (give 10 potions of heal wounds)


Message History

You closely miss the orc warrior.
The orc warrior is severely wounded.
The slime creature quivers.
You closely miss the orc warrior.
The orc warrior is severely wounded.
You block the orc warrior's attack.
Unknown command.
You thump the orc warrior!
You kill the orc warrior!
Trog accepts your kill.
You bludgeon the orc priest!!
You kill the orc priest!
Trog accepts your kill.
The orc priest invokes the aid of Beogh against you.
Beogh smites you!
Unknown command.
You hit the enormous slime creature but do no damage.
The enormous slime creature hits you!!!
Ouch! That really hurt!
You die...

#.........######
#..............#
#.........####.#
#<........# #.#
#.........# #.#
#.........# #.#
###รท####### #.#
#.# #.# #.# #@#
### #J# #####J# .
$..#.######.#
JJ.o##.#.........
J..J.o.o........#
...oo#o##########
... #. # #.


You could see an enormous slime creature, a slime creature and an orc priest.

Vanquished Creatures
  Harold (D:11)
  2 two-headed ogres
  Urug (D:9)
  An ugly thing (D:11)
  2 manticores
  3 centaur zombies
  A gargoyle (D:11)
  A troll (D:10)
  Grinder (D:3)
  A meliai zombie (D:11)
  3 hippogriffs
  A slime creature (D:12)
  8 yaks
  A wyvern (D:8)
  3 hungry ghosts
  A soldier ant (D:11)
  A water moccasin (D:10)
  4 orc warriors
  2 sky beasts
  A black bear (D:11)
  3 phantoms
  2 eyes of draining
  7 ice beasts
  3 ogres
  A centaur (D:7)
  A crocodile (D:10)
  11 bullfrogs
  A gnoll sergeant (D:7)
  14 scorpions
  3 wights (D:7)
  4 crimson imps
  7 hounds
  A quasit (D:9)
  2 bullfrog zombies
  3 centaur skeletons
  6 orc priests
  2 jellies
  12 orc wizards
  An iron imp (D:7)
  Jessica (D:3)
  A bullfrog skeleton (D:4)
  3 iguanas
  A statue (D:7)
  3 worker ants
  2 hound zombies
  A hound skeleton (D:4)
  A howler monkey zombie (D:5)
  A worker ant zombie (D:11)
  10 adders
  9 gnolls
  5 shadow imps
  An adder zombie (D:6)
  4 adder skeletons
  A worm (D:4)
  44 orcs
  2 ball pythons
  4 giant cockroaches
  7 goblins
  4 hobgoblins
  14 jackals
  10 kobolds
  5 quokkas
  11 bats
  3 frilled lizards
  A leopard gecko skeleton (D:7)
  A leopard gecko zombie (D:7)
  3 rats
276 creatures vanquished.

Vanquished Creatures (others)
  3 centaurs
3 creatures vanquished.

Grand Total: 279 creatures vanquished

Notes
Turn   | Place    | Note
-------+----------+-------------------------------------------
     0 | D:1      | inmateoo the Human Fighter began the quest for the Orb.
     0 | D:1      | Reached XP level 1. HP: 18/18 MP: 1/1
   200 | D:1      | Reached XP level 2. HP: 22/24 MP: 2/2
   426 | D:1      | You fall through a shaft!
   563 | D:2      | Reached XP level 3. HP: 22/29 MP: 3/3
  1393 | D:2      | Reached XP level 4. HP: 25/35 MP: 2/4
  1414 | D:2      | Reached skill level 3 in Maces & Flails
  1715 | D:3      | Noticed Grinder
  1723 | D:3      | Killed Grinder
  1723 | D:3      | Reached skill level 4 in Maces & Flails
  1723 | D:3      | Reached XP level 5. HP: 33/42 MP: 5/5
  1723 | D:3      | Reached XP level 6. HP: 38/48 MP: 6/6
  1727 | D:3      | Found a transporter.
  1814 | D:3      | Found a transporter.
  1814 | D:3      | Noticed a hungry ghost
  1831 | D:3      | Noticed a phantom
  1859 | D:3      | Noticed Jessica
  1868 | D:3      | Killed Jessica
  2020 | D:3      | Reached XP level 7. HP: 39/54 MP: 7/7
  2229 | D:3      | Found an opulent altar of Gozag.
  2231 | D:3      | Found a hazy altar of Hepliaklqana.
  2340 | D:3      | Found a faded altar of an unknown god.
  2413 | D:3      | Found a shadowy altar of Dithmenos.
  2512 | D:3      | Reached skill level 5 in Maces & Flails
  2520 | D:3      | Killed a hungry ghost
  2637 | D:3      | Reached XP level 8. HP: 57/61 MP: 6/8
  3687 | D:4      | Got a bloodstained hunting sling
  3688 | D:4      | Identified the +3 hunting sling "Wiatwygi" {flame, Str+4} (You found it on level 4 of the Dungeon)
  3736 | D:5      | Entered Level 5 of the Dungeon
  3790 | D:5      | Found a staircase to the Ecumenical Temple.
  3850 | D:5      | Found Biarr's Magic Scroll Shop.
  3852 | Temple   | Entered the Ecumenical Temple
  3878 | Temple   | Became a worshipper of Trog the Wrathful
  3893 | D:5      | Reached skill level 5 in Fighting
  3893 | D:5      | Reached skill level 6 in Maces & Flails
  3893 | D:5      | Reached skill level 5 in Armour
  3893 | D:5      | Reached skill level 5 in Shields
  3918 | D:5      | Bought a scroll of identify for 26 gold pieces
  3918 | D:5      | Bought a scroll of identify for 26 gold pieces
  3918 | D:5      | Bought a scroll of identify for 26 gold pieces
  3918 | D:5      | Bought a scroll of blinking for 97 gold pieces
  3918 | D:5      | Bought a scroll of teleportation for 39 gold pieces
  3926 | D:5      | Found Moippal's Distillery.
  3927 | D:5      | Found Soxaek's Book Emporium.
  4041 | D:5      | Found Piro's Book Shop.
  4054 | D:5      | Found a shimmering altar of Xom.
  4183 | D:5      | Found Jujof's Weapon Shoppe.
  4281 | D:5      | Found a hide-covered altar of Uskayaw.
  4284 | D:5      | Noticed a hand axe
  4284 | D:5      | Noticed a dagger
  4468 | D:5      | Reached * piety under Trog
  4500 | D:6      | Found an iron altar of Okawaru.
  4634 | D:6      | Reached XP level 9. HP: 62/68 MP: 9/9
  4673 | D:6      | Reached skill level 7 in Maces & Flails
  5131 | D:7      | Reached ** piety under Trog
  5229 | D:7      | Reached skill level 8 in Maces & Flails
  5676 | D:7      | Reached XP level 10. HP: 64/77 MP: 10/10
  5965 | D:7      | Found a radiant altar of Vehumet.
  6061 | D:7      | Reached skill level 9 in Maces & Flails
  6172 | D:7      | Found a snail-covered altar of Cheibriados.
  6532 | D:8      | Reached *** piety under Trog
  6956 | D:8      | Noticed a two-headed ogre
  6964 | D:8      | Killed a two-headed ogre
  8066 | D:10     | Entered Level 10 of the Dungeon
  8066 | D:10     | Noticed a two-headed ogre
  8085 | D:9      | Killed a two-headed ogre
  8085 | D:9      | Reached skill level 10 in Maces & Flails
  8085 | D:9      | Reached XP level 11. HP: 54/85 MP: 5/11
  8472 | D:10     | Found a portal to a secret trove of treasure.
  8769 | D:10     | Reached **** piety under Trog
  8798 | D:10     | Found Huawekor's Food Shoppe.
  8924 | D:10     | Noticed Urug
  9177 | D:9      | Killed Urug
  9177 | D:9      | Reached skill level 11 in Maces & Flails
  9365 | D:11     | Identified a scroll of acquirement
  9413 | D:11     | Noticed a manticore
  9424 | D:11     | Killed a manticore
  9702 | D:11     | Found a staircase to the Lair.
  9812 | D:11     | Noticed Harold
  9849 | D:11     | Killed Harold
  9849 | D:11     | Reached XP level 12. HP: 54/94 MP: 2/12
  9955 | D:11     | Found Zekoza Gyng's Book Boutique.
 10309 | D:12     | Reached skill level 12 in Maces & Flails
 10472 | D:12     | Mangled by an enormous slime creature

Vault maps used:
D:1:      dpeg_arrival_water_temple_mockup
D:2:      kennysheep_generic_room_14
D:3:      nicolae_overflow_hidden_temple, gammafunk_temple_overflow_arena,
          chequers_ecumenical_altar_lobes, minmay_stone_trees_medium,
          uniq_jessica, uniq_grinder
D:4:      first_ration
D:5:      dancing_weapons_uskayaw, kennysheep_little_box,
          minmay_temple_entry_statues_fountains, serial_shops, shop,
          nicolae_shop_crystal, shop, shop_statue, shop,
          kennysheep_generic_room_7
D:6:      minmay_flawed_box, okawaru_metal_pillars_1_2
D:7:      old_forge, vehumet_statue, slow_altar_2
D:10:     serial_shops, kennysheep_mini_moat, nicolae_trove_entry_crossroad,
          uniq_urug
D:11:     lair_entry_dummy, serial_shops, nicolae_shop_behind_doors, uniq_harold
D:12:     david_orc_4, serial_shops, nicolae_shop_statue_plus
Temple:   eino_temple_lava

Skill      XL: |  1  2  3  4  5  6  7  8  9 10 11 12 |
---------------+-------------------------------------+-----
Maces & Flails | 4 5 6 8 10 11 12 | 12.1
Fighting       | 4 5 6 7 8 9 |  9.1
Armour         | 4 5 6 7 8 9 |  9.2
Shields        | 4 5 6 7 8 9 |  9.1

Action                   |  1- 3 |  4- 6 |  7- 9 | 10-12 || total
-------------------------+-------+-------+-------+-------++-------
Melee: Flail             |   152 |       |   103 |   154 ||   409
       Mace              |     6 |   124 |   443 |       ||   573
       Eveningstar       |       |       |       |   425 ||   425
Invok: Berserk           |       |       |       |     2 ||     2
  Use: Scroll            |     3 |     2 |    14 |     7 ||    26
       Potion            |       |     1 |       |       ||     1
  Eat: Chunk             |     2 |     2 |    24 |    15 ||    43
       Ration            |       |       |     1 |     2 ||     3
Armor: Scale mail        |    51 |       |       |       ||    51
       Plate armour      |    61 |    96 |   365 |    71 ||   593
       Chain mail        |       |       |       |   167 ||   167
Dodge: Dodged            |    29 |     7 |    76 |    80 ||   192
Block: Shield            |    90 |    95 |   322 |   367 ||   874
       Reflection        |       |       |       |    13 ||    13

Table legend:
 A = Spawn XP
 B = Non-spawn XP
 C = Spawn XP percentage of total XP
 D = Spawn monster count
 E = Non-spawn monster count
 F = Spawn count percentage of total count
 G = Total turns spent on level
                    A         B        C        D         E        F      G
               +---------+---------+-------+---------+---------+-------+---------
         Total |       0 |   19170 |   0.0 |       0 |     279 |   0.0 | 10472
               +---------+---------+-------+---------+---------+-------+---------
           D:1 |       0 |      13 |   0.0 |       0 |       9 |   0.0 |   426
           D:2 |       0 |      85 |   0.0 |       0 |      29 |   0.0 |  1242
           D:3 |       0 |     921 |   0.0 |       0 |      37 |   0.0 |  1010
           D:4 |       0 |     232 |   0.0 |       0 |      11 |   0.0 |  1058
           D:5 |       0 |     417 |   0.0 |       0 |      22 |   0.0 |   729
           D:6 |       0 |     919 |   0.0 |       0 |      22 |   0.0 |   518
           D:7 |       0 |    2065 |   0.0 |       0 |      48 |   0.0 |  1471
           D:8 |       0 |    1572 |   0.0 |       0 |      11 |   0.0 |   937
           D:9 |       0 |    2739 |   0.0 |       0 |      13 |   0.0 |   878
          D:10 |       0 |    2688 |   0.0 |       0 |      34 |   0.0 |   973
          D:11 |       0 |    5765 |   0.0 |       0 |      34 |   0.0 |   999
          D:12 |       0 |    1751 |   0.0 |       0 |       8 |   0.0 |   196
        Temple |       0 |       3 |   0.0 |       0 |       1 |   0.0 |    35
               +---------+---------+-------+---------+---------+-------+---------
